 Dungeon Crawl Stone Soup version 0.19-a0-1626-g5215c36 (webtiles) character file.

219 jacquesderrida the Ruffian (level 5, 0/28 HPs)
             Began as a Vine Stalker Skald on Sept 18, 2016.
             Killed from afar by a dart slug (4 damage)
             ... with a slug dart
             ... on level 4 of the Dungeon.
             The game lasted 00:05:54 (1171 turns).

jacquesderrida the Ruffian (Vine Stalker Skald)     Turns: 1171, Time: 00:05:55

Health: 0/28       AC:  3    Str: 15    XL:     5   Next: 96%
Magic:  0/9        EV: 11    Int: 13    God:
Gold:   69         SH:  0    Dex: 13    Spells: 1 memorised, 7 levels left

rFire  + . .     SeeInvis .       - Unarmed
rCold  . . .     Gourm    .     a - +0 leather armour
rNeg   . . .     Faith    .     (no shield)
rPois  .         Spirit   +     (no helmet)
rElec  .         Dismiss  .     (no cloak)
rCorr  +         Reflect  .     (no gloves)
MR     .....     Harm     .     (no boots)
Stlth  +.........               (no amulet)
                                j - ring of resist corrosion
                                f - ring of protection from fire

@: no status effects
A: fangs 2, regeneration 1, magic shield, antimagic bite, no device heal 3, rot
immunity
a: no special abilities


You were on level 4 of the Dungeon.
You were not hungry.

You visited 1 branch of the dungeon, and saw 4 of its levels.
You also visited: Sewer.

You collected 69 gold pieces.

Inventory:

Hand Weapons
 e - a +0 blowgun
Missiles
 r - 8 poisoned needles
Armour
 a - a +0 leather armour (worn)
Jewellery
 f - a ring of protection from fire (left hand)
 j - a ring of resist corrosion (right hand)
 p - an uncursed amulet of dismissal
Scrolls
 d - a scroll of recharging {unknown}
 h - 4 scrolls of random uselessness {unknown}
 i - a scroll of teleportation {unknown}
 n - a scroll of enchant armour {unknown}
Potions
 g - 3 potions of heal wounds
 l - 4 potions of flight {unknown}
 m - a potion of cure mutation {unknown}
 o - a potion of brilliance {unknown}
 s - 2 potions of curing {unknown}
Books
 b - a book of Battle

   Spells                             Type                      Level
   a - Infusion                       Charms                       1
   b - Shroud of Golubria             Charms/Translocation         2
   c - Song of Slaying                Charms                       2
   d - Spectral Weapon                Hexes/Charms                 3
   e - Regeneration                   Charms/Necromancy            3
Comestibles
 c - 2 bread rations
 k - a beef jerky
 q - a meat ration
 t - 2 chunks of flesh


   Skills:
 + Level 2.9 Fighting
 - Level 0.7 Armour
 - Level 0.7 Dodging
 + Level 5.4 Unarmed Combat
 - Level 2.1 Spellcasting
 - Level 3.0 Charms


You had 7 spell levels left.
You knew the following spells:

 Your Spells              Type           Power        Failure   Level  Hunger
a - Infusion              Chrm           #...         10%         1    ##.....


Dungeon Overview and Level Annotations

Branches:
Dungeon (4/15)
 Temple: D:4-7

Altars:
Trog


Innate Abilities, Weirdness & Mutations

You have extremely sharp teeth.
Your natural rate of healing is unusually fast.
When hurt, damage is shared between your health and your magic reserves.
Your bite disrupts and absorbs the magic of your enemies.
Potions and wands cannot restore your health.
You are immune to rotting.


Message History

Unknown command.
You hit the orc priest but do no damage.
The orc priest is severely wounded.
The dart slug closely misses you. The orc priest closely misses you.
Unknown command.
You barely miss the orc priest.
The orc priest is severely wounded.
You closely miss the orc priest. Your bite misses the orc priest.
The orc priest is severely wounded.
The orc priest hits you but does no damage.
The dart slug bites you but does no damage.
You closely miss the orc priest.
The orc priest is severely wounded.
The orc priest miscasts a cantrip.
You hit the orc priest.
You bite the orc priest, but do no damage.
The orc priest is almost dead.
The dart slug launches a dart at you. The slug dart hits you!
You die...

.# #.# #.#####+#
#........
#####........
#............
########.###........
...........o........
.#######.###@.......
######.###.w......
#..............###
#.####.###...?.#
...# #.###...# #..##
#.≈ .... ### ≈≈≈≈
##. ≈≈#≈≈ )[.≈≈≈


You could see an orc priest and a dart slug.

Vanquished Creatures
  A big kobold (Sewer)
  A howler monkey (D:3)
  Jessica (D:2)
  A hound skeleton (D:4)
  3 river rats
  An ooze (D:1)
  A dart slug (D:3)
  3 leopard geckos (D:3)
  2 orcs (D:3)
  A giant cockroach (D:3)
  2 hobgoblins (D:2)
  4 jackals
  A quokka (D:2)
  3 bats
  4 frilled lizards
  8 kobolds
  A quokka skeleton (D:4)
  7 rats
45 creatures vanquished.

Notes
Turn   | Place    | Note
-------+----------+-------------------------------------------
     0 | D:1      | jacquesderrida the Vine Stalker Skald began the quest for the Orb.
     0 | D:1      | Reached XP level 1. HP: 11/11 MP: 4/4
   183 | D:1      | Reached XP level 2. HP: 6/15 MP: 6/6
   205 | D:2      | Noticed Jessica
   226 | D:2      | Killed Jessica
   226 | D:2      | Reached skill level 3 in Unarmed Combat
   226 | D:2      | Reached XP level 3. HP: 3/18 MP: 2/7
   279 | D:2      | Found a bloodstained altar of Trog.
   708 | D:3      | Reached skill level 4 in Unarmed Combat
   833 | D:3      | Gained mutation: Your natural rate of healing is unusually fast. [Vine Stalker growth]
   833 | D:3      | Reached XP level 4. HP: 2/23 MP: 0/8
   840 | D:3      | Found a glowing drain.
   844 | Sewer    | Entered a sewer
   891 | Sewer    | Noticed a big kobold
   923 | Sewer    | Killed a big kobold
   923 | Sewer    | Reached skill level 5 in Unarmed Combat
   923 | Sewer    | Reached XP level 5. HP: 8/27 MP: 2/9
   964 | Sewer    | Found a white marble altar of Elyvilon.
  1171 | D:4      | Killed from afar by a dart slug

Vault maps used:
D:1:      saegor_arrival_simple_d
D:2:      bloody_trog, uniq_jessica
D:3:      yredelemnul_forgotten_temple_becter, gup_sewer_entry_bowl, first_bread
D:4:      kennysheep_slugbush, kennysheep_mini,
          gammafunk_temple_overflow_elements, guppyfry_shop_venom, uniq_natasha
Sewer:    sewer_kobolds

Skill      XL: |  1  2  3  4 |
---------------+-------------+-----
Unarmed Combat | 3 4 5 |  5.4
Fighting       | 2 |  2.9
Armour         | |  0.7
Dodging        | |  0.7
Spellcasting   | |  2.1
Charms         | |  3.0

Action                   |  1- 3 |  4- 6 || total
-------------------------+-------+-------++-------
Melee: Unarmed           |    79 |    86 ||   165
       Bite              |    15 |    15 ||    30
       Punch             |     2 |     1 ||     3
  Use: Potion            |     1 |     2 ||     3
 Stab: Sleeping          |     2 |       ||     2
  Eat: Chunk             |       |     1 ||     1
Armor: Leather armour    |    13 |    28 ||    41
Dodge: Dodged            |    46 |    63 ||   109
